 Dungeon Crawl Stone Soup version 0.27-a0-1196-g3e9cee4cb2 (webtiles) character file.

Game seed: 14412941972793707544

60 Shayle the Sneak (level 3, -2/27 HPs)
             Began as a Demonspawn Enchanter on May 29, 2021.
             Slain by an adder (4 damage)
             ... on level 2 of the Dungeon.
             The game lasted 00:06:30 (2572 turns).

Shayle the Sneak (Demonspawn Enchanter)             Turns: 2572, Time: 00:06:31

Health: -2/27      AC:  2    Str:  9    XL:     3   Next: 80%
Magic:  0/6        EV: 12    Int: 22    God:
Gold:   30         SH:  4    Dex: 13    Spells: 0/6 levels left

rFire    . . .     SeeInvis .   a - +1 dagger
rCold    . . .     Faith    .   (no shield)
rNeg     . . .     Spirit   .   b - +0 robe
rPois    .         Reflect  .   (no helmet)
rElec    .         Harm     .   (no cloak)
rCorr    .         Rampage  .   (no gloves)
Will     .....                  (no boots)
Stlth    ++........             (no amulet)
HPRegen  0.09/turn              h - +6 ring of intelligence
MPRegen  0.10/turn              (no ring)

@: lethally poisoned (-2 -> -6)
A: claws 1, condensation shield
a: no special abilities


You were on level 2 of the Dungeon.
You visited 1 branch of the dungeon, and saw 2 of its levels.

You collected 30 gold pieces.

Inventory:

Hand Weapons
 a - a +1 dagger (weapon)
Missiles
 c - a throwing net
Armour
 b - a +0 robe (worn)
Jewellery
 h - a +6 ring of intelligence (left claw)
Scrolls
 d - a scroll of identify {unknown}
 e - a scroll of blinking {unknown}
 f - a scroll of teleportation {unknown}
 g - a scroll of fog {unknown}


   Skills:
 + Level 1.8 Fighting
 - Level 0.8 Short Blades
 + Level 2.5 Dodging
 + Level 3.4 Stealth
 - Level 2.0 Spellcasting
 + Level 3.1 Hexes


You couldn't memorise any spells.
You knew the following spells:

 Your Spells              Type           Power      Damage    Failure   Level
a - Corona                Hex            16%        N/A       3%          1
b - Ensorcelled Hibernat  Hex/Ice        18%        N/A       11%         2
c - Confusing Touch       Hex            15%        N/A       12%         3

Your spell library contained the following spells:

 Spells                   Type           Power      Damage    Failure   Level
 Tukima's Dance           Hex            15%        N/A       12%         3
 Dazzling Flash           Conj/Hex       18%        N/A       22%         3


Dungeon Overview and Level Annotations

Branches:
Dungeon (2/15)

Altars:

Annotations:
D:2 Sigmund


Innate Abilities, Weirdness & Mutations

You have sharp fingernails.
A meltable shield of frost defends you. (SH +4)


Message History

You closely miss the adder.
The adder is lightly wounded.
You feel sick. The adder bites you.
You are more poisoned.
The adder poisons you!
You miss the adder.
The adder is lightly wounded.
You feel sick. The adder bites you. You block the adder's attack.
You aren't carrying any potions.
Unknown command.
You closely miss the adder.
The adder is lightly wounded.
You feel sick. The adder closely misses you.
You closely miss the adder.
The adder is lightly wounded.
You feel sick. The adder bites you.
You are more poisoned.
The adder poisons you!
You aren't carrying any potions.
Unknown command.
You closely miss the adder.
The adder is lightly wounded.
You feel sick. The adder closely misses you.
Okay, then.
You miss the adder.
The adder is lightly wounded.
You feel sick. The adder bites you.
* * * LOW HITPOINT WARNING * * *
The adder closely misses you.
Aiming: Corona (safe; 3% risk of failure)
Press: ? - help, Q - select action, (/) - cycle Shift-Dir - straight line, f/p - adder
Aim: an adder (lightly wounded, chance to affect: 61%)
The adder is outlined in light.
* * * LOW HITPOINT WARNING * * *
You feel sick. The adder closely misses you.
You completely miss the adder.
The adder is lightly wounded.
* * * LOW HITPOINT WARNING * * *
You feel sick. The adder bites you.
You die...

########### #.#
#............. #.#
#.###########. #.# #.#
## #.# #.# # #.# #.# #
#.###.# #######.....##
#.....S@.....#
..##########.###########
#............
#############


You could see an adder (corona).

Vanquished Creatures
  2 adders
  A dart slug (D:1)
  7 bats
  2 giant cockroaches (D:1)
  2 hobgoblins (D:1)
  4 jackals
  4 quokkas
  4 ball pythons
  2 frilled lizards (D:1)
  3 goblins
  6 kobolds
  2 rats (D:1)
39 creatures vanquished.

Notes
Turn   | Place    | Note
-------+----------+-------------------------------------------
     0 | D:1      | Shayle the Demonspawn Enchanter began the quest for the
                  | Orb.
     0 | D:1      | Reached XP level 1. HP: 13/13 MP: 3/3
   425 | D:1      | Gained mutation: A meltable shield of frost defends you.
                  | (SH +4) [demonic ancestry]
   425 | D:1      | Reached XP level 2. HP: 4/20 MP: 5/5
   837 | D:1      | Reached skill level 1 in Fighting
  1180 | D:2      | Learned a level 2 spell: Ensorcelled Hibernation
  1187 | D:2      | Noticed Sigmund
  1665 | D:1      | Gained mutation: You have sharp fingernails. [demonic
                  | ancestry]
  1665 | D:1      | Reached XP level 3. HP: 8/26 MP: 2/6
  2175 | D:1      | Learned a level 3 spell: Confusing Touch
  2572 | D:2      | Slain by an adder

Illustrated notes

Levels and vault maps discovered:
D:1:      evilmike_arrival_plus, layout_basic, serial_glass, glass_columns_c,
          glass_columns_a, minmay_box_of_dots
D:2:      layout_loops_ring, uniq_sigmund, uniq_jessica

Skill      XL: |  1  2 |
---------------+-------+-----
Dodging        | 2 |  2.5
Stealth        | 3 |  3.4
Fighting       | 1 |  1.8
Short Blades   | |  0.8
Spellcasting   | |  2.0
Hexes          | |  3.1

Action                   || total
-------------------------++-------
Melee: Dagger            ||   178
 Cast: Corona            ||    10
       Ensorcelled Hiber ||    20
  Use: Potion            ||     1
 Stab: Sleeping          ||    12
Armor: Robe              ||    44
       Skin              ||     5
Dodge: Dodged            ||   174
Block: Other             ||    33

Table legend: (Time is in decaauts)
 A = Elapsed time spent in this place.
 B = Non-inter-level travel time spent in this place.
 C = Inter-level travel time spent in this place.
 D = Time resting spent in this place.
 E = Time spent auto-exploring this place.
 F = Levels seen in this place.
 G = Mean time per level.
                   A        B        C        D        E       F      G
               +--------+--------+--------+--------+--------+-----+--------+
         Total |   2568 |   2568 |      0 |   1360 |    630 |   2 | 1284.0 |
       Dungeon |   2568 |   2568 |      0 |   1360 |    630 |   2 | 1284.0 |
               +--------+--------+--------+--------+--------+-----+--------+

Top non-repeatable levels by time:
     D:1: 2041 daAuts
     D:2: 526 daAuts
